 Dungeon Crawl Stone Soup version 0.17-a0-1020-ge683cc4 (webtiles) character file.

11123 Const the Thaumaturge (level 11, -4/54 HPs)
             Began as a Deep Elf Conjurer on May 14, 2015.
             Was a Priest of Vehumet.
             Slain by a centaur warrior (10 damage)
             ... on level 14 of the Dungeon.
             The game lasted 00:51:57 (12166 turns).

Const the Thaumaturge (Deep Elf Conjurer)          Turns: 12166, Time: 00:51:57

Health: -4/54      AC:  9    Str:  5    XL:     11   Next: 45%
Magic:  0/30       EV: 12    Int: 24    God:    Vehumet [***...]
Gold:   663        SH:  0    Dex: 15    Spells: 7 memorised, 10 levels left

rFire  . . .     SeeInvis .     (no weapon)
rCold  + . .     Clarity  +     v - +3 leather armour {rC+}
rNeg   . . .     SustAb   .     (no shield)
rPois  +         Gourm    .     (no helmet)
rElec  .         Spirit   .     (no cloak)
rCorr  .         Warding  .     (no gloves)
rMut   .         Stasis   .     s - +2 pair of boots
MR     +....                    o - amulet of clarity
Stlth  ++........               (no ring)
                                r - ring of poison resistance

@: somewhat resistant to hostile enchantments, unstealthy
A: no striking features
a: Renounce Religion


You were on level 14 of the Dungeon.
You worshipped Vehumet.
Vehumet was most pleased with you.
You were hungry.

You visited 2 branches of the dungeon, and saw 13 of its levels.

You collected 663 gold pieces.

Inventory:

Hand weapons
 q - a +2 dagger of speed
 C - a +1 scimitar of holy wrath
Armour
 s - a +2 pair of boots (worn)
 v - a +3 leather armour of cold resistance (worn)
Magical staves
 n - an uncursed staff of fire
Jewellery
 o - an amulet of clarity (around neck)
 r - a ring of poison resistance (left hand)
Magical devices
 d - a wand of frost (21)
 k - a wand of slowing (40)
 w - a wand of draining (14)
 x - a wand of fire (4)
 G - a wand of cold (8)
 I - a wand of disintegration (14)
 J - a wand of disintegration (10)
 K - a wand of fire (8)
 N - a wand of slowing (24)
 P - a wand of slowing (23)
Scrolls
 g - 4 scrolls of identify
 h - 4 scrolls of enchant weapon
 t - 4 scrolls of recharging
 y - a scroll of teleportation
 z - 2 scrolls of magic mapping
 B - a scroll of fear
 F - 3 scrolls of immolation
Potions
 a - a potion of might
 e - 2 potions of heal wounds
 i - 2 potions of resistance
 j - 3 potions of agility
 m - a potion of brilliance
 p - 7 potions of curing
 H - a potion of mutation
 M - a potion of cancellation
Books
 b - a book of Conjurations

   Spells                             Type                      Level
   a - Magic Dart                     Conjuration                  1
   b - Searing Ray                    Conjuration                  2
   c - Dazzling Spray                 Conjuration/Hexes            3
   d - Fulminant Prism                Conjuration/Hexes            4
   e - Iskenderun's Mystic Blast      Conjuration                  4
   f - Iskenderun's Battlesphere      Conjuration/Charms           5
 A - a book of Ice

   Spells                             Type                      Level
   a - Ice Form                       Ice/Transmutation            4
   b - Metabolic Englaciation         Hexes/Ice                    5
   c - Ozocubu's Refrigeration        Ice                          6
   d - Bolt of Cold                   Conjuration/Ice              6
   e - Freezing Cloud                 Conjuration/Ice/Air          6
   f - Simulacrum                     Ice/Necromancy               6
 E - a book of Envenomations

   Spells                             Type                      Level
   a - Spider Form                    Transmutation/Poison         3
   b - Alistair's Intoxication        Transmutation/Poison         4
   c - Olgreb's Toxic Radiance        Poison                       4
   d - Poisonous Cloud                Conjuration/Poison/Air       6
Comestibles
 c - 13 bread rations
 f - 3 meat rations
 l - 2 chunks of flesh
 u - 10 royal jellies
 D - 2 slices of pizza


   Skills:
 - Level 2.5 Dodging
 - Level 2.6 Stealth
 - Level 13.5 Spellcasting
 - Level 11.1 Conjurations
 - Level 11.1 Charms
 + Level 9.2 Ice Magic


You had 10 spell levels left.
You knew the following spells:

 Your Spells              Type           Power        Failure   Level  Hunger
a - Magic Dart            Conj           ####         1%          1    None
b - Dazzling Spray        Conj/Hex       #####...     1%          3    None
c - Iskenderun's Battles  Conj/Chrm      ######..     1%          5    ###....
d - Searing Ray           Conj           ######       1%          2    None
e - Freezing Cloud        Conj/Ice/Air   #####.....   22%         6    #####..
f - Fulminant Prism       Conj/Hex       #####.....   2%          4    None
g - Bolt of Cold          Conj/Ice       ######....   4%          6    #####..


Dungeon Overview and Level Annotations

Branches:
Dungeon (14/15)            Temple (1/1) D:6            Lair (0/8) D:10
    Orc: D:9-12      Vaults: D:13-14

Altars:
Ashenzari
Cheibriados
Dithmenos
Elyvilon
Fedhas
Gozag
Kikubaaqudgha
Makhleb
Nemelex Xobeh
Okawaru
Ru
Sif Muna
Trog
Vehumet
Xom
Yredelemnul
Zin
The Shining One

Shops:
D:8 (   D:9 *


Message History

Confirm with . or Enter, or press ? or * to list all spells.
Okay, then.
Unknown command.
Casting: Freezing Cloud
Confirm with . or Enter, or press ? or * to list all spells.
Aiming: Searing Ray
Press: ? - help, Shift-Dir - straight line, f - centaur warrior
Aim: a centaur warrior, wielding a shortbow (severely wounded)
The searing ray hits the centaur warrior.
The centaur warrior is almost dead.
The centaur warrior unwields an uncursed shortbow.
The centaur warrior hits you!
* * * LOW HITPOINT WARNING * * *
The searing ray hits the centaur warrior.
The centaur warrior is almost dead.
The centaur warrior closely misses you.
The centaur warrior hits you but does no damage.
Without enough magic to sustain it, your searing ray dissipates.
The centaur warrior hits you!
You die...

#.####...# ... +.#
##..#####... #.#
#c......... #.#
#..#..... #.# #..#
..#. #.# #..# .# #.#
#§§# ..
..######.#####§§# .
.......@c##...§.##
............8.8......
.....................
.........[......8....#
............._.......#
..........8.....8....#
......................
..####+###....8.....#
#......#.


You could see a centaur warrior.

Vanquished Creatures
  Harold (D:11)
  Erolcha (D:8)
  A hill giant (D:10)
  Pikel (D:5)
  An ugly thing (D:11)
  2 centaur skeletons (D:10)
  A komodo dragon (D:10)
  2 trolls (D:11)
  A queen bee (D:8)
  A two-headed ogre (D:11)
  A trapdoor spider (D:11)
  A wyvern (D:11)
  6 yaks
  A shadow (D:6)
  3 hippogriffs
  A vampire mosquito (D:14)
  Edmund (D:6)
  A hungry ghost (D:10)
  A water moccasin (D:9)
  2 sky beasts
  3 orc warriors
  A wasp (D:10)
  3 black bears
  3 ice beasts
  2 phantoms
  5 ogres
  3 centaurs
  A gnoll sergeant (D:8)
  2 giant frogs
  5 scorpions
  17 killer bees (D:8)
  2 crimson imps
  5 hounds
  A fulminant prism (D:11)
  7 orc priests
  Ijyb (D:3)
  2 giant frog skeletons
  5 jellies
  7 worker ants
  9 orc wizards
  3 iguanas
  A killer bee zombie (D:9)
  A hound zombie (D:6)
  A worker ant zombie (D:8)
  4 gnolls (D:8)
  13 adders
  A shadow imp (D:7)
  An adder skeleton (D:7)
  A worm (D:5)
  6 giant geckos
  22 orcs
  A ball python (D:1)
  2 bat skeletons
  11 hobgoblins
  3 jackals (D:6)
  17 kobolds
  3 quokkas
  16 bats
  8 giant cockroaches
  2 giant newts
  7 goblins
  14 rats
252 creatures vanquished.

Vanquished Creatures (others)
  A slave (D:5)
  3 fulminant prisms
  A centaur skeleton (D:5)
  A worker ant (D:5)
  An orc (D:5)
  A giant cockroach (D:5)
  A giant newt (D:5)
  A plant (D:10)
10 creatures vanquished.

Grand Total: 262 creatures vanquished

Notes
Turn   | Place    | Note
--------------------------------------------------------------
     0 | D:1      | Const the Deep Elf Conjurer began the quest for the Orb.
     0 | D:1      | Reached XP level 1. HP: 10/10 MP: 6/6
   320 | D:1      | Reached XP level 2. HP: 15/15 MP: 6/8
  1031 | D:2      | Reached skill level 5 in Conjurations
  1142 | D:2      | Found a sacrificial altar of Ru.
  1235 | D:2      | Found a sparkling altar of Nemelex Xobeh.
  1282 | D:2      | Reached XP level 3. HP: 12/19 MP: 3/9
  1746 | D:2      | Learned a level 3 spell: Dazzling Spray
  1775 | D:3      | Noticed Ijyb
  1782 | D:3      | Killed Ijyb
  1782 | D:3      | Reached skill level 6 in Conjurations
  1782 | D:3      | Reached XP level 4. HP: 24/24 MP: 2/10
  2337 | D:3      | Found a burning altar of Makhleb.
  2337 | D:3      | Found a white marble altar of Elyvilon.
  3016 | D:4      | Reached XP level 5. HP: 15/28 MP: 3/11
  3023 | D:4      | Learned a level 5 spell: Iskenderun's Battlesphere
  3325 | D:4      | Noticed an ogre
  3326 | D:4      | Noticed an ogre
  3504 | D:4      | Killed an ogre
  3504 | D:4      | Reached skill level 5 in Charms
  3504 | D:4      | Reached XP level 6. HP: 32/32 MP: 3/12
  3869 | D:5      | Entered Level 5 of the Dungeon
  4095 | D:5      | Learned a level 2 spell: Searing Ray
  4462 | D:5      | Found a glowing silver altar of Zin.
  4472 | D:5      | Reached skill level 7 in Charms
  4625 | D:5      | Noticed Pikel
  4632 | D:5      | Killed Pikel
  4632 | D:5      | Reached skill level 10 in Charms
  4632 | D:5      | Reached XP level 7. HP: 34/36 MP: 0/13
  5213 | D:6      | Found a staircase to the Ecumenical Temple.
  5227 | Temple   | Entered the Ecumenical Temple
  5279 | Temple   | Became a worshipper of Vehumet
  5352 | D:6      | Reached skill level 11 in Charms
  5352 | D:6      | Reached XP level 8. HP: 41/41 MP: 8/14
  5557 | D:6      | Noticed Edmund
  6264 | D:6      | Found a sparkling altar of Nemelex Xobeh.
  6264 | D:6      | Noticed a shadow
  6278 | D:6      | Killed a shadow
  6445 | D:6      | Killed Edmund
  6703 | D:7      | Reached skill level 5 in Spellcasting
  7850 | D:8      | Found Jakhlane's Weapon Shop.
  7859 | D:8      | Reached XP level 9. HP: 45/45 MP: 17/21
  7878 | D:8      | Acquired Vehumet's first power
  7878 | D:8      | Offered knowledge of Sandblast by Vehumet.
  8451 | D:8      | Noticed a queen bee
  8456 | D:8      | Killed a queen bee
  8456 | D:8      | Reached skill level 10 in Spellcasting
  8833 | D:8      | Noticed Erolcha
  8838 | D:8      | Killed Erolcha
  8838 | D:8      | Reached skill level 10 in Conjurations
  8876 | D:8      | Reached XP level 10. HP: 48/50 MP: 12/27
  9020 | D:8      | Offered knowledge of Shock by Vehumet.
  9619 | D:9      | Reached skill level 12 in Spellcasting
  9722 | D:9      | Found Ythyhelule's Serpentskin Sales.
  9781 | D:9      | Offered knowledge of Inner Flame by Vehumet.
  9785 | D:9      | Found a bloodstained altar of Trog.
 10222 | D:10     | Entered Level 10 of the Dungeon
 10389 | D:11     | Reached skill level 13 in Spellcasting
 10716 | D:10     | Found a staircase to the Lair.
 10757 | D:10     | Learned a level 6 spell: Freezing Cloud
 10801 | D:10     | Reached skill level 1 in Ice Magic
 10842 | D:10     | Acquired Vehumet's second power
 10851 | D:10     | Learned a level 4 spell: Fulminant Prism
 11314 | D:10     | Noticed a hill giant
 11324 | D:10     | Killed a hill giant
 11324 | D:10     | Reached skill level 5 in Ice Magic
 11324 | D:10     | Reached XP level 11. HP: 30/54 MP: 12/30
 11483 | D:11     | Noticed a white ugly thing
 11489 | D:11     | Killed a white ugly thing
 11520 | D:11     | Offered knowledge of Airstrike by Vehumet.
 11528 | D:11     | Learned a level 6 spell: Bolt of Cold
 11575 | D:11     | Noticed Harold
 11583 | D:11     | Killed Harold
 12109 | D:11     | You fall through a shaft for 3 floors!
 12130 | D:14     | Noticed a centaur warrior
 12143 | D:14     | Found a deep blue altar of Sif Muna.
 12166 | D:14     | Slain by a centaur warrior

Vault maps used:
D:1:      lightli_arrival_maybe_door_vault, solitary_fountain,
          hangedman_abyss_or_decor_lesser_grid
D:2:      nicolae_ru_sacrificial_ziggurat, lemuel_coloured_pillars_altar
D:3:      gammafunk_temple_overflow_wave, first_bread, uniq_iyjb
D:5:      lemuel_crystal_altar, nicolae_overflow_hidden_temple, uniq_pikel
D:6:      temple_statues, grunt_nemelex_the_gamble, uniq_edmund
D:8:      serial_shops, shop, david_nohive_1, uniq_erolcha
D:9:      overflow_temple_1_default, grunt_ministairs_15, minmay_bad_closet,
          guppyfry_shop_venom
D:10:     mumra_celtic_spiral_tile, david_lair_shrubbed
D:11:     uniq_harold
D:14:     minmay_splitting_lines, serial_column_ruins,
          column_ruins_temple_circle, column_ruins_open_small,
          column_ruins_open_small, column_ruins_open_medium,
          column_ruins_open_tiny, column_ruins_open_medium, grunt_decor_cap,
          minmay_dual_archer_statues
Temple:   eino_temple_water_12

Action                   |  1- 3 |  4- 6 |  7- 9 | 10-12 || total
-------------------------+-------+-------+-------+-------++-------
Melee: Staff             |       |     9 |     1 |       ||    10
       Dagger            |       |       |     6 |     4 ||    10
       Scimitar          |       |       |       |     9 ||     9
 Cast: Magic Dart        |    77 |   118 |   128 |   153 ||   476
       Dazzling Spray    |       |    10 |    15 |    30 ||    55
       Searing Ray       |       |     3 |    20 |    14 ||    37
       Iskenderun's Batt |       |     1 |    17 |    25 ||    43
       Fulminant Prism   |       |       |       |     4 ||     4
       Bolt of Cold      |       |       |       |     6 ||     6
       Freezing Cloud    |       |       |       |     1 ||     1
Evoke: Wand              |       |     1 |       |       ||     1
  Use: Scroll            |       |     4 |     8 |    13 ||    25
       Potion            |       |       |     2 |     1 ||     3
  Eat: Chunk             |     2 |     8 |     6 |     5 ||    21
       Pizza             |       |     1 |     1 |       ||     2
       Beef jerky        |       |     1 |     2 |     1 ||     4
       Fruit             |       |       |     2 |     2 ||     4
       Meat ration       |       |       |     1 |     1 ||     2
